Map: King's Cove LE

Players

Zanster - Winner!

  • Race: Zerg Zerg
  • Spawn Location: 5:00

InZaNe

  • Race: Terran Terran
  • Spawn Location: 11:00

Event: 2019 WCS Spring

VOD

Have the link to the VOD?

Description

Time

  • Played on: May 17, 2019, 3:16 p.m.
  • Length: 11:54

All games in this series

Show
View Real Time Build Order
Export as new Build Order

Zanster Zerg - Winner!

Build Orders: Hatch First 

Get SALT Encoding   

  12  0:00  Drone  
  13  0:13  Overlord  
  13  0:18  Drone  
  14  0:31  Drone  
  14  0:32  Drone  
  16  0:50  Hatchery  
  16  0:54  Drone  
  17  0:57  Drone  
  17  1:00  Drone  
  18  1:11  Extractor  
  18  1:15  Spawning Pool  
  16  1:18  Drone  
  16  1:22  Drone  
  18  1:29  Drone  
  19  1:40  Drone  
  20  1:51  Drone  
  21  2:02  Queen x2  
  21  2:03  Zergling x4  
  27  2:12  Overlord  
  27  2:13  Drone  
  27  2:15  Metabolic Boost  
  28  2:33  Drone  
  28  2:34  Drone x2  
  31  2:38  Queen x2  
  31  2:43  Overlord  
  35  2:47  Drone  
  36  2:58  Overlord  
  36  3:03  Drone x2  
  38  3:13  Drone  
  38  3:15  Drone x5  
  38  3:19  Drone  
  45  3:20  Drone  
  46  3:29  Hatchery  
  46  3:31  Drone  
  46  3:41  Overlord  
  46  3:42  Lair  
  46  3:44  Extractor  
  46  3:46  Extractor, Drone x3  
  47  3:50  Drone x2  
  47  3:51  Drone  
  50  3:59  Zergling x4  
  50  4:00  Zergling x6  
  55  4:05  Drone  
  56  4:11  Drone  
  56  4:13  Drone  
  56  4:15  Queen  
  58  4:17  Extractor  
  58  4:21  Overlord  
  58  4:22  Drone x3  
  60  4:32  Overlord  
  60  4:38  Overlord  
  60  4:40  Zergling x6  
  63  4:49  Zergling x10  
  63  4:50  Spire  
  67  4:55  Drone  
  67  4:56  Drone x4  
  70  5:02  Drone x3  
  72  5:07  Spore Crawler  
  72  5:08  Overseer  
  72  5:10  Overseer  
  72  5:12  Drone  
  72  5:15  Drone x2  
  72  5:20  Drone  
  75  5:23  Drone x3  
  75  5:25  Overlord  
  78  5:30  Roach Warren  
  77  5:37  Spore Crawler  
  77  5:38  Spore Crawler  
  77  5:39  Spore Crawler  
  77  5:40  Drone  
  77  5:41  Spore Crawler, Drone  
  75  5:45  Drone x3  
  75  5:49  Drone  
  79  6:01  Overlord  
  79  6:08  Mutalisk x6  
  88  6:13  Mutalisk  
  90  6:23  Mutalisk  
  90  6:24  Mutalisk x2  
  83  6:39  Drone x6  
  87  6:40  Drone  
  87  6:46  Hatchery, Drone  
  85  6:47  Drone x3  
  85  6:49  Drone x2  
  85  6:53  Spore Crawler  
  86  6:59  Drone  
  86  7:00  Drone x4  
  92  7:02  Drone  
  93  7:10  Glial Reconstitution  
  93  7:11  Overlord  
  93  7:12  Evolution Chamber  
  93  7:13  Drone x2  
  94  7:19  Overlord  
  94  7:22  Overlord  
  94  7:23  Extractor  
  94  7:24  Extractor  
  94  7:26  Overlord  
  94  7:27  Overlord  
  92  7:33  Drone x5  
  97  7:38  Drone  
  97  7:43  Overlord  
  98  7:44  Drone x2  
  98  7:48  Zerg Missile Weapons Level 1  
  100  7:54  Drone  
  100  7:55  Drone x4  
  105  8:04  Overlord, Extractor  
  104  8:08  Mutalisk x7, Extractor  
  117  8:15  Drone x4  
  121  8:22  Queen  
  121  8:24  Mutalisk x3  
  121  8:26  Drone  
  121  8:27  Drone x2  
  131  8:28  Overlord  
  132  8:36  Overlord  
  132  8:39  Roach  
  132  8:40  Roach x4  
  141  8:49  Roach x5  
  141  8:52  Overlord  
  141  8:53  Overlord  
  151  8:59  Roach  
  151  9:00  Roach x3  
  159  9:02  Overlord  
  159  9:07  Overlord, Overseer  
  159  9:08  Pneumatized Carapace  
  159  9:10  Ravager  
  159  9:11  Ravager x5  
  159  9:16  Roach x4  
  173  9:29  Roach  
  173  9:30  Roach x7  
  189  9:32  Overlord  
  176  9:52  Drone x5  
  173  9:54  Roach  
  173  9:55  Roach x8  
  191  10:10  Hatchery  
  191  10:14  Evolution Chamber  
  189  10:18  Overlord  
  189  10:20  Zergling x4  
  191  10:21  Hydralisk Den  
  191  10:25  Overlord  
  188  10:46  Infestation Pit  
  157  11:25  Hydralisk x17  
  155  11:26  Hydralisk x6  
Show
View Real Time Build Order
Export as new Build Order

InZaNe Terran 

Build Orders: Hellion Opening, Reaper Expand 

Get SALT Encoding   

  12  0:00  SCV  
  13  0:13  SCV  
  14  0:18  Supply Depot  
  14  0:25  SCV  
  15  0:39  SCV  
  15  0:42  Barracks  
  16  0:45  Refinery  
  16  0:51  SCV  
  17  1:04  SCV  
  18  1:16  SCV  
  19  1:29  Orbital Command  
  19  1:30  Reaper  
  20  1:44  Command Center  
  20  1:53  Supply Depot  
  20  1:54  SCV  
  21  2:02  Marine  
  21  2:06  SCV  
  23  2:13  Factory  
  23  2:19  SCV, Refinery  
  24  2:23  Barracks Reactor  
  24  2:31  SCV  
  25  2:43  SCV  
  26  2:55  SCV  
  26  2:57  Orbital Command  
  27  3:02  Starport  
  27  3:07  SCV, Hellion x2  
  27  3:10  Marine  
  33  3:19  SCV  
  34  3:25  SCV  
  35  3:29  Hellion x2  
  35  3:31  SCV  
  39  3:37  SCV  
  39  3:40  Fusion Core, Supply Depot  
  40  3:43  SCV  
  41  3:49  SCV  
  41  3:53  Hellion x2  
  46  4:01  Starport Tech Lab  
  46  4:02  SCV x2  
  48  4:04  Supply Depot  
  47  4:14  SCV x2  
  52  4:26  SCV x2  
  52  4:30  Battlecruiser  
  58  4:31  Hellion  
  58  4:34  Hellion  
  60  4:42  Supply Depot  
  58  4:54  Hellion  
  58  4:55  Hellion  
  62  5:01  Armory  
  62  5:04  SCV  
  62  5:06  Command Center  
  63  5:09  Refinery  
  63  5:10  Refinery  
  63  5:14  Supply Depot  
  63  5:15  SCV, Hellion  
  63  5:16  SCV  
  69  5:21  Hellion  
  69  5:22  Barracks Tech Lab  
  69  5:28  SCV  
  69  5:29  SCV  
  71  5:37  Battlecruiser  
  77  5:43  SCV x2  
  79  5:50  Terran Vehicle And Ship Armor Level 1  
  79  5:55  SCV x2  
  81  5:59  Hellion  
  81  6:00  Hellion  
  81  6:01  Hellion x3  
  85  6:07  SCV  
  85  6:11  Hellion x8  
  86  6:12  SCV, Hellion x3  
  86  6:15  Factory  
  86  6:16  Factory  
  91  6:27  Orbital Command  
  91  6:30  Engineering Bay  
  87  6:37  Cyclone  
  88  6:41  Drilling Claws  
  76  6:48  Battlecruiser  
  76  6:52  SCV x2  
  82  6:57  Missile Turret  
  82  6:58  Missile Turret, Orbital Command  
  82  7:00  Missile Turret  
  82  7:01  Factory Tech Lab  
  76  7:06  SCV x2  
  78  7:11  Cyclone  
  78  7:12  Hellion x2  
  85  7:18  SCV x2  
  85  7:19  Cyclone  
  90  7:25  SCV  
  89  7:30  SCV x2  
  89  7:36  Missile Turret  
  91  7:37  SCV  
  91  7:41  Widow Mine x2, Refinery  
  91  7:42  SCV x2  
  91  7:43  Refinery  
  98  7:47  Cyclone  
  98  7:50  Terran Vehicle And Ship Armor Level 2  
  101  7:53  SCV  
  101  7:55  SCV x2  
  102  7:59  Cyclone  
  102  8:02  Infernal Pre-Igniter  
  107  8:06  Hellion  
  107  8:07  Hellion  
  107  8:10  SCV x2  
  111  8:19  SCV  
  112  8:22  Supply Depot x2  
  112  8:23  Mag-Field Accelerator  
  112  8:26  Cyclone  
  115  8:30  Hellion  
  117  8:34  Supply Depot  
  117  8:40  Supply Depot  
  117  8:43  SCV x2, Cyclone  
  117  8:44  Hellion  
  117  8:48  Factory  
  124  8:49  Barracks Reactor  
  124  8:54  Factory  
  126  8:55  Hellion  
  126  8:59  Cyclone  
  129  9:08  Supply Depot  
  129  9:09  Command Center  
  129  9:10  Hellion  
  125  9:21  Hellion, Cyclone  
  103  9:40  Hellion  
  91  9:46  SCV x3  
  88  9:56  Cyclone x2  
  88  9:57  Factory Tech Lab  
  88  9:58  SCV x2  
  94  10:00  SCV  
  95  10:10  SCV x2  
  95  10:12  SCV  
  98  10:15  Battlecruiser  
  98  10:17  Siege Tank  
  107  10:22  SCV  
  107  10:23  SCV  
  107  10:24  SCV  
  107  10:25  Orbital Command  
  110  10:30  Missile Turret  
  110  10:34  SCV  
  110  10:35  SCV  
  111  10:36  SCV, Cyclone x2  
  114  10:47  SCV x2  
  114  10:48  SCV  
  110  10:54  SCV  
  111  10:59  SCV x2  
  111  11:00  SCV  
  109  11:06  SCV  
  109  11:09  Cyclone  
  109  11:10  Hellion x2  
  109  11:11  SCV x2  
  104  11:16  Hellion  
  104  11:17  SCV  
  93  11:22  SCV  
  93  11:23  SCV x2  
  89  11:29  SCV  
  84  11:34  SCV  
  84  11:35  SCV  
Tags
 
Add a new tag
Caveats
  • Supply blocks, unpowered buildings, or Contaminate may cause inaccurate times.
  • Supply counts are checked every 10 seconds.